TOP OF THE 1ST |
Galesburg Guzzlers batting - Pitching for Delaware 1787 BC : RHP Gabriel Chávez
|
Pitching: RHP Gabriel Chávez
|
|
Batting: RHB Gabrio Campoverde
|
0-0: Ball 1-0: Fly out, F7 (Flyball, 7)
|
Batting: RHB Toussiant L'Ouverture
|
0-0: Called Strike 0-1: Ground out 5-3 (Groundball, 5)
|
Batting: LHB Adrián Gómez
|
0-0: Ball 1-0: Ball 2-0: Ball 3-0: Called Strike 3-1: Base on Balls
|
Batting: RHB Ty Struck
|
0-0: Ball 1-0: Foul Ball, location: 2F 1-1: Ball 2-1: Fielders Choice at 2nd, 4-6 (Groundball, 4)
|
Top of the 1st over - 0 run(s), 0 hit(s), 0 error(s), 0 left on base; Galesburg 0 - Delaware 0 |
BOTTOM OF THE 1ST |
Delaware 1787 BC batting - Pitching for Galesburg Guzzlers : LHP Tex Estes
|
Pitching: LHP Tex Estes
|
|
Batting: LHB Manoo Satyavrat
|
0-0: Called Strike 0-1: Ball 1-1: Swinging Strike 1-2: Ball 2-2: Ball 3-2: Strikes out looking
|
Batting: LHB José Rodríguez
|
0-0: Ball 1-0: Foul Ball, location: 2F 1-1: Ball 2-1: Called Strike 2-2: Strikes out swinging
|
Batting: LHB Francisco García
|
0-0: Called Strike 0-1: Swinging Strike 0-2: Ball 1-2: Ground out 4-3 (Groundball, 4)
|
Bottom of the 1st over - 0 run(s), 0 hit(s), 0 error(s), 0 left on base; Galesburg 0 - Delaware 0 |
TOP OF THE 2ND |
Galesburg Guzzlers batting - Pitching for Delaware 1787 BC : RHP Gabriel Chávez
|
Batting: LHB Daniel Faraday
|
0-0: Called Strike 0-1: Called Strike 0-2: Strikes out looking
|
Batting: RHB Carlos Cardona
|
0-0: Ball 1-0: SINGLE (Line Drive, 8RS)
|
Batting: RHB Jorge Velázquez
|
0-0: Foul Ball, location: 2F 0-1: Reached on error, E5 (Groundball, 56) Carlos Cardona to second
|
Batting: RHB José Díaz
|
0-0: Called Strike 0-1: Swinging Strike 0-2: Ball 1-2: Foul Ball, location: 2F 1-2: Strikes out swinging
|
Batting: RHB Aubrey McCrimmon
|
0-0: Ball 1-0: Ball 2-0: Foul Ball, location: 2F 2-1: Foul Ball, location: 2F 2-2: Strikes out looking
|
Top of the 2nd over - 0 run(s), 1 hit(s), 1 error(s), 2 left on base; Galesburg 0 - Delaware 0 |
BOTTOM OF THE 2ND |
Delaware 1787 BC batting - Pitching for Galesburg Guzzlers : LHP Tex Estes
|
Batting: RHB Wilson Vega
|
0-0: Ball 1-0: Called Strike 1-1: SINGLE (Line Drive, 8LS)
|
Batting: SHB Sam Quint
|
0-0: Ball 1-0: Ball 2-0: Called Strike 2-1: Ball 3-1: Foul Ball, location: 2F 3-2: Ground out 5-3 (Groundball, 56S) Wilson Vega to second
|
Batting: RHB Cristián Alfonso
|
0-0: Foul Ball, location: 2F 0-1: Ball 1-1: Ball 2-1: SINGLE (Line Drive, 6) Wilson Vega to third Runner from 3rd tries for Home, throw and OUT! Cristián Alfonso to second
|
Batting: LHB Ward Wilberfoss
|
0-0: Ball 1-0: Foul Ball, location: 2F 1-1: Ball 2-1: Foul Ball, location: 2F 2-2: Ball 3-2: Fly out, F7 (Flyball, 78S)
|
Bottom of the 2nd over - 0 run(s), 2 hit(s), 0 error(s), 1 left on base; Galesburg 0 - Delaware 0 |
TOP OF THE 3RD |
Galesburg Guzzlers batting - Pitching for Delaware 1787 BC : RHP Gabriel Chávez
|
Batting: RHB Gabrio Campoverde
|
0-0: Ball 1-0: Ground out 6-3 (Groundball, 6)
|
Batting: RHB Toussiant L'Ouverture
|
0-0: Called Strike 0-1: Ball 1-1: Ball 2-1: SINGLE (Line Drive, 8LS)
|
Batting: LHB Adrián Gómez
|
0-0: Called Strike 0-1: Foul Ball, location: 2F 0-2: Foul Ball, location: 2F 0-2: SINGLE (Flyball, 89S) Toussiant L'Ouverture to second Runner from 2nd tries for 3rd, SAFE, throw made to third
|
Batting: RHB Ty Struck
|
0-0: Called Strike 0-1: Ground out 5-3 (Groundball, 56S) Toussiant L'Ouverture scores Adrián Gómez to second
|
Batting: LHB Daniel Faraday
|
0-0: SINGLE (Line Drive, 9S) Adrián Gómez to third Runner from 3rd tries for Home, SAFE, no throw
|
Batting: RHB Carlos Cardona
|
0-0: Called Strike 0-1: Ball 1-1: DOUBLE (Line Drive, 9LM) Daniel Faraday to third Runner from 3rd tries for Home, SAFE, no throw
|
Batting: RHB Jorge Velázquez
|
0-0: Foul Ball, location: 2F 0-1: Called Strike 0-2: Ball 1-2: Foul Ball, location: 2F 1-2: Fly out, F6 (Popup, 6)
|
Top of the 3rd over - 3 run(s), 4 hit(s), 0 error(s), 1 left on base; Galesburg 3 - Delaware 0 |
BOTTOM OF THE 3RD |
Delaware 1787 BC batting - Pitching for Galesburg Guzzlers : LHP Tex Estes
|
Batting: RHB Gilberto Rodríguez
|
0-0: Called Strike 0-1: Ball 1-1: Swinging Strike 1-2: Ball 2-2: Strikes out swinging
|
Batting: RHB Damon Grinter
|
0-0: Ball 1-0: Called Strike 1-1: Foul Ball, location: 2F 1-2: Ball 2-2: Ball 3-2: Fly out, F6 (Line Drive, 6)
|
Batting: LHB Manoo Satyavrat
|
0-0: Ground out U3 (Groundball, 34)
|
Bottom of the 3rd over - 0 run(s), 0 hit(s), 0 error(s), 0 left on base; Galesburg 3 - Delaware 0 |
TOP OF THE 4TH |
Galesburg Guzzlers batting - Pitching for Delaware 1787 BC : RHP Gabriel Chávez
|
Batting: RHB José Díaz
|
0-0: Called Strike 0-1: Ball 1-1: SINGLE (Line Drive, 7S)
|
Batting: RHB Aubrey McCrimmon
|
0-0: Ball 1-0: Ball 2-0: Called Strike 2-1: Called Strike Error on foul ball, E5 2-2: Foul Ball, location: 2F 2-2: Fly out, F8 (Flyball, 8LM)
|
Batting: RHB Gabrio Campoverde
|
0-0: Ball 1-0: Called Strike 1-1: Ball 2-1: 2-RUN HOME RUN (Flyball, 7D), Distance : 366 ft
|
Batting: RHB Toussiant L'Ouverture
|
0-0: Ground out 6-3 (Groundball, 6)
|
Batting: LHB Adrián Gómez
|
0-0: Called Strike 0-1: Fly out, F9 (Flyball, 9D)
|
Top of the 4th over - 2 run(s), 2 hit(s), 1 error(s), 0 left on base; Galesburg 5 - Delaware 0 |
BOTTOM OF THE 4TH |
Delaware 1787 BC batting - Pitching for Galesburg Guzzlers : LHP Tex Estes
|
Batting: LHB José Rodríguez
|
0-0: Ball 1-0: Fly out, F7 (Flyball, 7)
|
Batting: LHB Francisco García
|
0-0: Ball 1-0: SINGLE (Groundball, 34D)
|
Batting: RHB Wilson Vega
|
0-0: Ball 1-0: Ball 2-0: Ball 3-0: Called Strike 3-1: Swinging Strike 3-2: Foul Ball, location: 2F 3-2: Strikes out swinging Francisco García steals 2nd base Batter strikes out.
|
Batting: SHB Sam Quint
|
0-0: Swinging Strike 0-1: Reached on error, E4 (Groundball, 4) Francisco García to third
|
Batting: RHB Cristián Alfonso
|
0-0: Called Strike 0-1: Ball 1-1: Ball 2-1: Ball 3-1: Foul Ball, location: 2F 3-2: Foul Ball, location: 2F 3-2: Base on Balls Sam Quint to second
|
Batting: LHB Ward Wilberfoss
|
0-0: Ball 1-0: Ball 2-0: Fly out, F9 (Flyball, 9S)
|
Bottom of the 4th over - 0 run(s), 1 hit(s), 1 error(s), 3 left on base; Galesburg 5 - Delaware 0 |
TOP OF THE 5TH |
Galesburg Guzzlers batting - Pitching for Delaware 1787 BC : RHP Gabriel Chávez
|
Batting: RHB Ty Struck
|
0-0: Ball 1-0: Ball 2-0: Foul Ball, location: 2F 2-1: Ball 3-1: Foul Ball, location: 2F 3-2: Strikes out swinging
|
Batting: LHB Daniel Faraday
|
0-0: Ball 1-0: Swinging Strike 1-1: Foul Ball, location: 2F 1-2: Strikes out swinging
|
Batting: RHB Carlos Cardona
|
0-0: Called Strike 0-1: SINGLE (Line Drive, 89M)
|
Batting: RHB Jorge Velázquez
|
0-0: Called Strike 0-1: Ball 1-1: Ball 2-1: Ball 3-1: Foul Ball, location: 2F 3-2: Base on Balls Carlos Cardona to second
|
Batting: RHB José Díaz
|
0-0: Foul Ball, location: 2F 0-1: Foul Ball, location: 2F 0-2: Foul Ball, location: 2F 0-2: Strikes out swinging
|
Top of the 5th over - 0 run(s), 1 hit(s), 0 error(s), 2 left on base; Galesburg 5 - Delaware 0 |
BOTTOM OF THE 5TH |
Delaware 1787 BC batting - Pitching for Galesburg Guzzlers : LHP Tex Estes
|
Batting: RHB Gilberto Rodríguez
|
0-0: Called Strike 0-1: Fly out, F8 (Flyball, 8LM)
|
Batting: RHB Damon Grinter
|
0-0: Ball 1-0: Called Strike 1-1: Swinging Strike 1-2: Strikes out swinging
|
Batting: LHB Manoo Satyavrat
|
0-0: Ball 1-0: Fly out, F7 (Flyball, 78M)
|
Bottom of the 5th over - 0 run(s), 0 hit(s), 0 error(s), 0 left on base; Galesburg 5 - Delaware 0 |
BOTTOM OF THE 6TH |
Delaware 1787 BC batting - Pitching for Galesburg Guzzlers : LHP Tex Estes
|
Batting: LHB José Rodríguez
|
0-0: Foul Ball, location: 2F 0-1: Ball 1-1: Called Strike 1-2: Ball 2-2: Ball 3-2: SINGLE (Line Drive, 4D)
|
Batting: LHB Francisco García
|
0-0: Ball 1-0: SINGLE (Line Drive, 56D) José Rodríguez to second
|
Batting: RHB Wilson Vega
|
0-0: Ball 1-0: Swinging Strike 1-1: Swinging Strike 1-2: Strikes out swinging
|
Batting: SHB Sam Quint
|
0-0: Ball 1-0: Foul Ball, location: 2F 1-1: Fly out, F5 (Popup, 5L)
|
Batting: RHB Cristián Alfonso
|
0-0: Called Strike 0-1: Ball 1-1: DOUBLE (Line Drive, 89M) José Rodríguez scores Francisco García to third Runner from 3rd tries for Home, SAFE, no throw
|
Batting: LHB Ward Wilberfoss
|
0-0: Swinging Strike 0-1: Ball 1-1: Foul Ball, location: 2F 1-2: Ball 2-2: Fly out, F8 (Flyball, 8RD)
|
Bottom of the 6th over - 2 run(s), 3 hit(s), 0 error(s), 1 left on base; Galesburg 5 - Delaware 2 |
TOP OF THE 7TH |
Galesburg Guzzlers batting - Pitching for Delaware 1787 BC : RHP Gabriel Chávez
|
Batting: LHB Daniel Faraday
|
0-0: Called Strike 0-1: Ball 1-1: SINGLE (Flyball, 8RS)
|
Pitching: RHP Lance Cira
|
|
Batting: RHB Carlos Cardona
|
0-0: Ball 1-0: Ball 2-0: Ball 3-0: Called Strike 3-1: Called Strike 3-2: Strikes out swinging Daniel Faraday is caught stealing 2nd base Batter strikes out.
|
Batting: RHB Jorge Velázquez
|
0-0: Swinging Strike 0-1: Called Strike 0-2: Foul Ball, location: 2F 0-2: Ball 1-2: Ball 2-2: Strikes out swinging
|
Top of the 7th over - 0 run(s), 1 hit(s), 0 error(s), 0 left on base; Galesburg 5 - Delaware 2 |
BOTTOM OF THE 7TH |
Delaware 1787 BC batting - Pitching for Galesburg Guzzlers : LHP Tex Estes
|
Batting: RHB Gilberto Rodríguez
|
0-0: Ball 1-0: DOUBLE (Line Drive, 7LD)
|
Batting: RHB Damon Grinter
|
0-0: Called Strike 0-1: Foul Ball, location: 2F 0-2: Ball 1-2: Ball 2-2: Foul Ball, location: 2F 2-2: SINGLE (Groundball, 6D) Gilberto Rodríguez to third
|
Batting: LHB Manoo Satyavrat
|
0-0: Called Strike 0-1: Ball 1-1: Swinging Strike 1-2: SINGLE (Groundball, 4MD) Gilberto Rodríguez scores Damon Grinter to second
|
Pinch Hitting: RHB Felipe Bruno
|
0-0: Called Strike 0-1: Swinging Strike 0-2: Ball 1-2: Foul Ball, location: 2F 1-2: Grounds into double play, 5-4-3 (Groundball, 56) Damon Grinter to third
|
Pitching: LHP Rafael Torrez
|
|
Batting: LHB Francisco García
|
0-0: Ball 1-0: Ball 2-0: Ball 3-0: Called Strike 3-1: Base on Balls
|
Batting: RHB Wilson Vega
|
0-0: Fly out, F6 (Popup, 6MS)
|
Bottom of the 7th over - 1 run(s), 3 hit(s), 0 error(s), 2 left on base; Galesburg 5 - Delaware 3 |
TOP OF THE 8TH |
Galesburg Guzzlers batting - Pitching for Delaware 1787 BC : RHP Lance Cira
|
Now at 1B: Felipe Bruno
|
|
Batting: RHB José Díaz
|
0-0: SINGLE (Flyball, 8LS)
|
Batting: RHB Aubrey McCrimmon
|
0-0: Foul Ball, location: 2F 0-1: Ball 1-1: Bunted foul 1-2: Fly out, F7 (Line Drive, 78M)
|
Batting: RHB Gabrio Campoverde
|
0-0: Fly out, F7 (Flyball, 7)
|
Batting: RHB Toussiant L'Ouverture
|
0-0: Ball José Díaz steals 2nd base 1-0: Called Strike 1-1: Called Strike 1-2: Foul Ball, location: 2F 1-2: Ball 2-2: Ball 3-2: Strikes out looking
|
Top of the 8th over - 0 run(s), 1 hit(s), 0 error(s), 1 left on base; Galesburg 5 - Delaware 3 |
BOTTOM OF THE 8TH |
Delaware 1787 BC batting - Pitching for Galesburg Guzzlers : LHP Rafael Torrez
|
Batting: SHB Sam Quint
|
0-0: Swinging Strike 0-1: Foul Ball, location: 2F 0-2: Ball 1-2: Ball 2-2: Fly out, F3 (Popup, 3L)
|
Batting: RHB Cristián Alfonso
|
0-0: Ball 1-0: Ball 2-0: Foul Ball, location: 2F 2-1: SINGLE (Groundball, 56S) (infield hit)
|
Pitching: LHP Anaías Pedroza
|
|
Batting: LHB Ward Wilberfoss
|
0-0: Ball 1-0: Foul Ball, location: 2F 1-1: Swinging Strike 1-2: Ball 2-2: Foul Ball, location: 2F 2-2: Ball 3-2: Foul Ball, location: 2F 3-2: Strikes out swinging
|
Batting: RHB Gilberto Rodríguez
|
0-0: Ball Pickoff Throw to First - Error! E1 Cristián Alfonso to second 1-0: Foul Ball, location: 2F 1-1: Fly out, F8 (Flyball, 8LD)
|
Bottom of the 8th over - 0 run(s), 1 hit(s), 1 error(s), 1 left on base; Galesburg 5 - Delaware 3 |
TOP OF THE 9TH |
Galesburg Guzzlers batting - Pitching for Delaware 1787 BC : RHP Lance Cira
|
Batting: LHB Adrián Gómez
|
0-0: Ball 1-0: Called Strike 1-1: SOLO HOME RUN (Flyball, 89XD), Distance : 366 ft
|
Batting: RHB Ty Struck
|
0-0: Foul Ball, location: 2F 0-1: Ball 1-1: Fly out, F9 (Flyball, 9S)
|
Batting: LHB Daniel Faraday
|
0-0: Foul Ball, location: 2F 0-1: Ball 1-1: Ball 2-1: Ground out 4-3 (Groundball, 4)
|
Batting: RHB Carlos Cardona
|
0-0: Foul Ball, location: 2F 0-1: Ball 1-1: Called Strike 1-2: Ball 2-2: DOUBLE (Line Drive, 8RD)
|
Batting: RHB Jorge Velázquez
|
0-0: SINGLE (Groundball, 6MD) Carlos Cardona to third Runner from 3rd tries for Home, SAFE, throw made home Jorge Velázquez to second
|
Batting: RHB José Díaz
|
0-0: Ball 1-0: Foul Ball, location: 2F 1-1: Ball 2-1: Ball 3-1: Base on Balls
|
Batting: RHB Aubrey McCrimmon
|
0-0: Ball 1-0: Foul Ball, location: 2F 1-1: Foul Ball, location: 2F 1-2: Ball 2-2: SINGLE (Groundball, 34D) Jorge Velázquez to third José Díaz to second Runner from 3rd tries for Home, SAFE, no throw
|
Pitching: LHP Otte Leuthold
|
|
Batting: RHB Gabrio Campoverde
|
0-0: Ball 1-0: Swinging Strike 1-1: Called Strike 1-2: Strikes out swinging
|
Top of the 9th over - 3 run(s), 4 hit(s), 0 error(s), 2 left on base; Galesburg 8 - Delaware 3 |
BOTTOM OF THE 9TH |
Delaware 1787 BC batting - Pitching for Galesburg Guzzlers : LHP Anaías Pedroza
|
Now at C: Héctor Álvarez
|
|
Now at 2B: Félix Fernández
|
|
Now in CF: José Alfaro
|
|
Batting: RHB Damon Grinter
|
0-0: Called Strike 0-1: Ground out 4-3 (Groundball, 4)
|
Batting: LHB Manoo Satyavrat
|
0-0: Foul Ball, location: 2F 0-1: Called Strike 0-2: Ball 1-2: Ball 2-2: Ball 3-2: Base on Balls
|
Batting: RHB Felipe Bruno
|
0-0: Ball 1-0: Ball 2-0: Called Strike 2-1: DOUBLE (Flyball, 8LXD) Manoo Satyavrat to third Runner from 3rd tries for Home, SAFE, no throw
|
Batting: LHB Francisco García
|
0-0: Fly out, F7 (Line Drive, 7)
|
Batting: RHB Wilson Vega
|
0-0: Ball 1-0: Called Strike 1-1: Ground out 5-3 (Groundball, 56)
|
Bottom of the 9th over - 1 run(s), 1 hit(s), 0 error(s), 1 left on base; Galesburg 8 - Delaware 4 |
|